 Dungeon Crawl Stone Soup version 0.19.0-18-g426998a (webtiles) character file.

9128 Inkary the Basher (level 11, -5/68 HPs)
             Began as a Gargoyle Fighter on Nov 11, 2016.
             Was an Elder of Okawaru.
             Slain by a komodo dragon (22 damage)
             ... on level 1 of the Lair of Beasts.
             The game lasted 00:17:43 (10042 turns).

Inkary the Basher (Gargoyle Fighter)               Turns: 10042, Time: 00:17:43

Health: -5/68      AC: 25    Str: 23    XL:     11   Next: 41%
Magic:  24/24      EV: 15    Int: 12    God:    Okawaru [****..]
Gold:   362        SH: 14    Dex:  9    Spells: 0 memorised, 10 levels left

rFire  . . .     SeeInvis .     J - +1 whip (vamp)
rCold  + . .     Gourm    .     R - +3 scale mail {rC+}
rNeg   + . .     Faith    +     c - +0 shield
rPois  ∞         Spirit   .     I - +0 hat {Int+3}
rElec  +         Reflect  .     q - +0 cloak
rCorr  .         Harm     .     r - +0 pair of gloves
MR     .....                    i - +0 pair of boots
Stlth  +.........               C - amulet of faith
                                Q - +3 ring of evasion
                                y - ring of magical power

@: heroism
A: negative energy resistance 1, electricity resistance, unbreathing,
petrification resistance, rot immunity, AC +7
a: Heroism, Renounce Religion


You were on level 1 of the Lair of Beasts.
You worshipped Okawaru.
Okawaru was greatly pleased with you.
You were not hungry.

You visited 2 branches of the dungeon, and saw 12 of its levels.

You collected 492 gold pieces.
You spent 130 gold pieces at shops.

Inventory:

Hand Weapons
 J - a +1 vampiric whip (weapon)
Missiles
 K - 3 javelins of penetration (quivered)
Armour
 c - a +0 shield (worn)
 i - a +0 pair of boots (worn)
 q - a +0 cloak (worn)
 r - a +0 pair of gloves (worn)
 I - a +0 hat of intelligence (worn)
 R - a +3 scale mail of cold resistance (worn)
Jewellery
 v - an uncursed ring of fire
 y - a ring of magical power (left hand)
 C - an amulet of faith (around neck)
 L - an uncursed ring of ice
 Q - a +3 ring of evasion (right hand)
Wands
 g - a wand of teleportation (4/9)
 p - a wand of paralysis (0/24)
 F - a wand of lightning (0/15)
Scrolls
 e - 3 scrolls of remove curse
 j - 5 scrolls of teleportation
 l - a scroll of blinking {unknown}
 n - 2 scrolls of recharging {unknown}
 s - a scroll of noise {unknown}
 u - 2 scrolls of enchant armour {unknown}
 x - 3 scrolls of amnesia {unknown}
 D - a scroll of random uselessness {unknown}
 G - 3 scrolls of enchant weapon {unknown}
 H - 6 scrolls of identify
 N - a scroll of fog {unknown}
 P - a scroll of vulnerability {unknown}
 T - a scroll of holy word {unknown}
Potions
 a - 2 potions of agility {unknown}
 d - a potion of might
 m - a potion of cancellation
 o - a potion of invisibility {unknown}
 t - 2 potions of degeneration {unknown}
 w - a potion of lignification
 z - 2 potions of brilliance
 A - 5 potions of curing
 E - 3 potions of haste {unknown}
Books
 B - a book of Changes

   Spells                             Type                      Level
   a - Beastly Appendage              Transmutation                1
   b - Sticks to Snakes               Transmutation                2
   c - Spider Form                    Transmutation/Poison         3
   d - Ice Form                       Ice/Transmutation            4
   e - Blade Hands                    Transmutation                5
Comestibles
 b - 2 meat rations
 f - 11 bread rations
 h - a royal jelly
 k - 4 beef jerkies
 M - 3 fruits
 O - 8 slices of pizza
 S - 5 chunks of flesh


   Skills:
 - Level 8.1(13.1) Fighting
 - Level 10.1(15.1) Maces & Flails
   Level 0.8(11.4) Staves
 + Level 9.1(14.1) Armour
 + Level 9.9(14.9) Shields
 - Level 6.1 Invocations


You had 10 spell levels left.
You didn't know any spells.

Dungeon Overview and Level Annotations

Branches:
Dungeon (11/15)            Temple (0/1) D:4            Lair (1/6) D:10
    Orc (0/2) D:10

Altars:
Dithmenos
Elyvilon
Fedhas
Gozag
Okawaru
Ru
Zin
The Shining One

Shops:
D:7 *


Innate Abilities, Weirdness & Mutations

You are resistant to torment.
Your stone body is resilient. (AC +7)
You are immune to poison.
You resist negative energy. (rN+)
You are resistant to electric shocks. (rElec)
You can survive without breathing.
You are immune to petrification.
You are immune to rotting.


Message History

You see here a bullfrog corpse.
The komodo dragon bites you!
You hit the komodo dragon.
The komodo dragon is heavily wounded.
You hit the komodo dragon.
You feel better.
The komodo dragon is heavily wounded.
The komodo dragon bites you!
* * * LOW HITPOINT WARNING * * *
You barely miss the komodo dragon.
The komodo dragon is heavily wounded.
You closely miss the komodo dragon.
The komodo dragon is heavily wounded.
You block the komodo dragon's attack.
Okay, then.
You hit the komodo dragon.
You feel better.
The komodo dragon is severely wounded.
You completely miss the komodo dragon.
The komodo dragon is severely wounded.
The komodo dragon bites you!!
You die...

#!#......... ... #.#........#
## ..?# #...b....#.# ####.#
....####.......##.###....###
.....#................≈≈≈..#.
........†.........##.≈≈≈≈≈..#
...............t..##.≈≈≈≈≈≈..
#..............l#.##.≈≈≈≈≈≈≈.
###...........#@.#....≈≈≈≈≈.
#.#.#....####..#..<≈≈≈≈≈≈. ..
######## #......≈≈≈≈≈≈. #$
#......≈≈≈≈≈≈≈. .
#........≈≈≈≈.#
#.............#
................
............#...
...........##..


You could see a komodo dragon and a crocodile.

Vanquished Creatures
  Gastronok (D:8)
  A hill giant (D:10)
  An ugly thing (D:11)
  A komodo dragon (D:10)
  A troll (D:7)
  A spriggan (D:9)
  A vampire (D:11)
  7 yaks (D:10)
  Eustachio (D:4)
  A hungry ghost (D:10)
  Menkaure (D:5)
  2 ice beasts
  3 phantoms
  3 orc warriors
  2 black bears
  A necrophage (D:6)
  5 ogres
  2 wolves (Lair:1)
  4 centaurs
  2 crocodiles (Lair:1)
  2 bullfrogs
  A water moccasin zombie (D:8)
  A wyvern skeleton (D:7)
  A water moccasin skeleton (D:8)
  3 scorpions
  13 killer bees
  7 howler monkeys (D:8)
  A bullfrog zombie (D:10)
  3 crimson imps
  Crazy Yiuf (D:2)
  A centaur skeleton (D:10)
  A jelly (D:5)
  4 orc priests
  4 hounds
  3 iguanas
  11 orc wizards
  5 bullfrog skeletons
  6 worker ants
  A worker ant zombie (D:9)
  5 adders
  A shadow imp (D:7)
  2 adder zombies
  5 worms
  6 leopard geckos
  29 orcs
  5 bats
  4 giant cockroaches
  6 goblins
  4 hobgoblins
  8 jackals
  5 kobolds
  7 quokkas
  2 ball pythons
  2 frilled lizards (D:1)
  A jackal zombie (D:5)
  A quokka skeleton (D:4)
  10 rats
213 creatures vanquished.

Notes
Turn   | Place    | Note
-------+----------+-------------------------------------------
     0 | D:1      | Inkary the Gargoyle Fighter began the quest for the Orb.
     0 | D:1      | Reached XP level 1. HP: 14/14 MP: 1/1
     1 | D:1      | Noticed an elf
    13 | D:1      | Noticed an elf
    13 | D:1      | Noticed a vampire
    15 | D:1      | Noticed an ogre
   191 | D:1      | Reached XP level 2. HP: 17/19 MP: 2/2
   554 | D:1      | Reached XP level 3. HP: 22/23 MP: 3/3
   817 | D:2      | Found a runed door.
  1137 | D:2      | Reached skill level 3 in Maces & Flails
  1637 | D:2      | Noticed Crazy Yiuf
  1651 | D:2      | Killed Crazy Yiuf
  1651 | D:2      | Reached XP level 4. HP: 8/28 MP: 4/4
  1958 | D:3      | Reached XP level 5. HP: 31/33 MP: 5/5
  2295 | D:3      | Reached skill level 4 in Maces & Flails
  2465 | D:3      | Found an iron altar of Okawaru.
  2582 | D:3      | Became a worshipper of Warmaster Okawaru
  2629 | D:3      | Reached XP level 6. HP: 16/39 MP: 6/6
  2793 | D:4      | Found a shadowy altar of Dithmenos.
  2808 | D:4      | Reached skill level 5 in Fighting
  3055 | D:4      | Found a staircase to the Ecumenical Temple.
  3083 | D:4      | Noticed Eustachio
  3118 | D:4      | Killed Eustachio
  3118 | D:4      | Reached skill level 5 in Maces & Flails
  3118 | D:4      | Reached skill level 1 in Invocations
  3118 | D:4      | Reached XP level 7. HP: 31/44 MP: 8/8
  3318 | D:4      | Got a polished quarterstaff
  3328 | D:4      | Identified the cursed +1 quarterstaff of Poverty {speed, *Slow MR+ Str+2} (You found it on level 4 of the Dungeon)
  3353 | D:5      | Entered Level 5 of the Dungeon
  3407 | D:5      | Reached * piety under Okawaru
  3469 | D:5      | Noticed Menkaure
  3485 | D:5      | Killed Menkaure
  3778 | D:5      | Reached XP level 8. HP: 45/51 MP: 10/10
  3972 | D:5      | Found a glowing golden altar of the Shining One.
  4518 | D:6      | Reached ** piety under Okawaru
  4518 | D:6      | Reached skill level 6 in Maces & Flails
  4932 | D:7      | Noticed a troll
  4949 | D:7      | Killed a troll
  4986 | D:7      | Reached skill level 5 in Invocations
  5274 | D:7      | Reached *** piety under Okawaru
  5331 | D:7      | Reached skill level 7 in Maces & Flails
  5331 | D:7      | Reached XP level 9. HP: 51/57 MP: 13/13
  5393 | D:7      | Found Zepsux's Assorted Antiques.
  5409 | D:7      | Bought a runed jasper amulet for 130 gold pieces
  5621 | D:7      | Found a glowing silver altar of Zin.
  5627 | D:7      | Found a white marble altar of Elyvilon.
  5629 | D:7      | Found a sacrificial altar of Ru.
  6149 | D:8      | Noticed Gastronok
  6249 | D:8      | Killed Gastronok
  6249 | D:8      | Reached **** piety under Okawaru
  6249 | D:8      | Received a gift from Okawaru
  6249 | D:8      | Reached ***** piety under Okawaru
  6249 | D:8      | Reached skill level 10 in Maces & Flails
  6249 | D:8      | Reached XP level 10. HP: 64/64 MP: 14/14
  6296 | D:8      | HP: 2/64 [ice beast (7)]
  6304 | D:8      | Received a gift from Okawaru
  6549 | D:8      | Reached skill level 5 in Armour
  6721 | D:8      | Found an opulent altar of Gozag.
  8221 | D:9      | Found a faded altar of an unknown god.
  8221 | D:9      | Found a faded altar of an unknown god.
  8226 | D:9      | Found a blossoming altar of Fedhas.
  8228 | D:9      | Found a faded altar of an unknown god.
  8237 | D:9      | Found a faded altar of an unknown god.
  8409 | D:10     | Entered Level 10 of the Dungeon
  8524 | D:10     | Found a staircase to the Lair.
  8967 | D:10     | Received a gift from Okawaru
  8990 | D:10     | Noticed a hill giant
  9018 | D:10     | Killed a hill giant
  9018 | D:10     | Reached XP level 11. HP: 59/68 MP: 15/15
  9356 | D:10     | Found a staircase to the Orcish Mines.
  9787 | D:11     | Noticed a red ugly thing
  9814 | D:11     | Killed a red ugly thing
  9891 | Lair:1   | Entered Level 1 of the Lair of Beasts
 10042 | Lair:1   | Slain by a komodo dragon

Skill      XL: |  1  2  3  4  5  6  7  8  9 10 11 |
---------------+----------------------------------+-----
Armour         | 4 7 9 |  9.1
Maces & Flails | 3 4 5 7 10 | 10.1
Fighting       | 4 5 6 7 8 |  8.1
Invocations    | 1 3 5 6 |  6.1
Shields        | 6 8 9 |  9.9
Staves         | |  0.8

Action                   |  1- 3 |  4- 6 |  7- 9 | 10-12 || total
-------------------------+-------+-------+-------+-------++-------
Melee: Flail             |   155 |       |       |       ||   155
       Mace              |       |   127 |       |       ||   127
       Whip              |       |       |   620 |   997 ||  1617
       Quarterstaff      |       |       |    10 |       ||    10
Invok: Heroism           |       |       |     6 |    14 ||    20
       Finesse           |       |       |       |     2 ||     2
Evoke: Rod               |       |     1 |       |       ||     1
       Wand              |       |       |     3 |     1 ||     4
  Use: Scroll            |       |       |     7 |     1 ||     8
       Potion            |       |       |     1 |     1 ||     2
  Eat: Chunk             |     2 |     5 |     7 |    13 ||    27
       Fruit             |       |       |     3 |     2 ||     5
       Pizza             |       |       |     3 |       ||     3
       Royal jelly       |       |       |     1 |       ||     1
       Meat ration       |       |       |       |     1 ||     1
Armor: Scale mail        |   106 |    46 |       |    78 ||   230
       Plate armour      |       |   117 |   309 |   290 ||   716
Dodge: Dodged            |    69 |    50 |    87 |   175 ||   381
Block: Shield            |   105 |    95 |   256 |   423 ||   879
